 Dungeon Crawl Stone Soup version 0.30-a0-269-gf0224bf7b6 (webtiles) character file.

Game seed: 7177361432229308711

28 hikkokomori the Gusty (level 3, -5/21 HPs)
             Began as a Tengu Air Elementalist on Oct 15, 2022.
             Slain by a gnoll
             ... wielding a +0 flail
              (6 damage)
             ... on level 2 of the Dungeon.
             The game lasted 00:03:14 (1116 turns).

hikkokomori the Gusty (Tengu Air Elementalist)      Turns: 1116, Time: 00:03:15

Health: -5/21      AC:  2    Str:  8    XL:     3   Next: 12%
Magic:  0/7        EV: 12    Int: 17    God:
Gold:   82         SH:  0    Dex: 14    Spells: 5/6 levels left

rFire   . . .      SeeInvis .    i - staff of air
rCold   . . .      Faith    .    (no shield)
rNeg    . . .      Spirit   .    a - +0 robe
rPois   .          Reflect  .    (helmet restricted)
rElec   +          Harm     .    (no cloak)
rCorr   .          Rampage  .    (no gloves)
Will    .....                    (boots unavailable)
Stlth   ++........               (no amulet)
HPRegen 0.23/turn                (no ring)
MPRegen 0.10/turn                (no ring)

@: no status effects
A: beak, talons 3
a: no special abilities


You were on level 2 of the Dungeon.
You visited 1 branch of the dungeon, and saw 2 of its levels.

You collected 82 gold pieces.

Inventory:

Hand Weapons
 f - a +0 dagger
Armour
 a - a +0 robe (worn)
Magical Staves
 i - a staff of air (weapon)
Scrolls
 d - a scroll of vulnerability
 e - a scroll of teleportation {unknown}
 h - a scroll of fear
Potions
 b - a potion of magic
 c - a potion of curing
 g - a potion of cancellation


   Skills:
 + Level 1.7 Fighting
 + Level 0.0 Staves
 - Level 2.1 Dodging
 - Level 2.0 Stealth
 - Level 2.0 Spellcasting
 - Level 1.3 Conjurations
 + Level 4.8 Air Magic


You had 5 spell levels left.
You knew the following spells:

 Your Spells              Type           Power      Damage    Failure   Level
a - Shock                 Conj/Air       72%        1d7       5%          1

Your spell library contained the following spells:

 Spells                   Type           Power      Damage    Failure   Level
 Swiftness                Air            27%        N/A       8%          3
 Static Discharge         Conj/Air       36%        2-4/arc   9%          2
 Airstrike                Air            13%        2d(2-18)  26%         4


Dungeon Overview and Level Annotations

Branches:
Dungeon (2/15)

Altars:


Innate Abilities, Weirdness & Mutations

You have a beak for a mouth.
You have claws for feet.


Message History

Aiming: Shock (safe; 5% risk of failure)
Press: ? - help, Shift-Dir - straight line, f - gnoll
Aim: a gnoll, wielding a +0 flail (wandering, hasn't noticed you, 75% to hit)
You feel a surge of power!
The zap misses the gnoll.
The gnoll shouts!
You hear a shout!
Casting: Shock (safe; 5% risk of failure)
Confirm with . or Enter, or press ? or * to list all spells.
Aiming: Shock (safe; 5% risk of failure)
Press: ? - help, Shift-Dir - straight line, f/p - gnoll
Aim: a gnoll, wielding a +0 flail (75% to hit)
You feel a surge of power!
The zap hits the gnoll.
The gnoll is lightly wounded.
Casting: Shock (safe; 5% risk of failure)
Confirm with . or Enter, or press ? or * to list all spells.
Aiming: Shock (safe; 5% risk of failure)
Press: ? - help, Shift-Dir - straight line, f/p - gnoll
Aim: a gnoll, wielding a +0 flail (75% to hit)
You feel a surge of power!
The zap hits the gnoll.
The gnoll is heavily wounded.
The gnoll hits you with a +0 flail!
You hit the gnoll but do no damage. Your peck misses the gnoll.
The gnoll is heavily wounded.
The gnoll barely misses you.
You closely miss the gnoll. You peck the gnoll, but do no damage.
The gnoll is heavily wounded.
A gnoll comes into view. It is wielding a +0 flail.
The gnoll hits you with a +0 flail!
Ouch! That really hurt!
* * * LOW HITPOINT WARNING * * *
Casting: Shock (safe; 5% risk of failure)
Confirm with . or Enter, or press ? or * to list all spells.
Aiming: Shock (safe; 5% risk of failure)
Press: ? - help, Shift-Dir - straight line, f/p - gnoll
Aim: a gnoll, wielding a +0 flail (heavily wounded, 75% to hit)
You feel a surge of power!
The zap hits the gnoll.
The gnoll is severely wounded.
The zap hits the gnoll.
The gnoll is lightly wounded.
The gnoll hits you with a +0 flail.
You die...

.?........g....
......g........ #...#
#...# #...# #...# ####
#.# ###...### ...# #.#
#...g...# ...###.#
#.#.@.#.#
#<.....######.##.##.####
........................
##..##.#.........##.#...
##..##.#..##........#..
.†..##....##........#
###......###..#####.#
#.##.#....... .#
#......<....## #


You could see 2 gnolls.

Vanquished Creatures
  A gnoll (D:2)
  A dart slug (D:1)
  2 endoplasms (D:1)
  2 giant cockroaches
  3 kobolds (D:1)
  2 quokkas
  A ball python (D:2)
  A frilled lizard (D:2)
  2 rats (D:1)
15 creatures vanquished.

Notes
Turn   | Place    | Note
-------+----------+-------------------------------------------
     0 | D:1      | hikkokomori the Tengu Air Elementalist began the quest for
                  | the Orb.
     0 | D:1      | Reached XP level 1. HP: 10/10 MP: 4/4
   431 | D:1      | Reached skill level 1 in Fighting
   431 | D:1      | Reached XP level 2. HP: 16/16 MP: 4/6
  1088 | D:2      | Reached XP level 3. HP: 21/21 MP: 1/7
  1115 | D:2      | HP: 1/21 [gnoll/+0 flail (13)]
  1116 | D:2      | Slain by a gnoll

Illustrated notes

Levels and vault maps discovered:
D:1:      minmay_arrival_four_houses, layout_loops_corners
D:2:      minmay_chambers_of_ones, layout_loops_cross, basic_altar,
          grunt_decor_resistance

Skill      XL: |  1 |
---------------+----+-----
Fighting       | 1 |  1.7
Dodging        | |  2.1
Stealth        | |  2.0
Spellcasting   | |  2.0
Conjurations   | |  1.3
Air Magic      | |  4.8

Action                   || total
-------------------------++-------
Melee: Dagger            ||    20
       Kick              ||     5
       Peck              ||     2
       Punch             ||     1
       Staff             ||     2
 Cast: Shock             ||    23
  Use: Scroll            ||     4
 Stab: Sleeping          ||     2
Armor: Robe              ||     4
Dodge: Dodged            ||     8

Table legend: (Time is in decaauts)
 A = Elapsed time spent in this place.
 B = Non-inter-level travel time spent in this place.
 C = Inter-level travel time spent in this place.
 D = Time resting spent in this place.
 E = Time spent auto-exploring this place.
 F = Levels seen in this place.
 G = Mean time per level.
                   A        B        C        D        E       F      G
               +--------+--------+--------+--------+--------+-----+--------+
         Total |   1115 |   1070 |     45 |      0 |    916 |   2 |  557.5 |
       Dungeon |   1115 |   1070 |     45 |      0 |    916 |   2 |  557.5 |
               +--------+--------+--------+--------+--------+-----+--------+

Top non-repeatable levels by time:
     D:1: 1027 daAuts
     D:2: 87 daAuts
